 Dungeon Crawl Stone Soup version 0.28.0 (webtiles) character file.

Game seed: 398001675106638981

674 dolemite99 the Cleaver (level 7, -11/56 HPs)
             Began as a Minotaur Gladiator on Feb 6, 2022.
             Was a Follower of Uskayaw.
             Mangled by a hornet (13 damage)
             ... on level 4 of the Dungeon.
             The game lasted 00:06:14 (5391 turns).

dolemite99 the Cleaver (Minotaur Gladiator)         Turns: 5391, Time: 00:06:15

Health: -11/56     AC:  9    Str: 20    XL:     7   Next: 33%
Magic:  0/6        EV:  8    Int:  5    God:    Uskayaw [*.....]
Gold:   175        SH:  0    Dex: 12    Spells: 6/6 levels left

rFire   + . .      SeeInvis .   a - +2 whip (elec)
rCold   + . .      Faith    .   (no shield)
rNeg    . . .      Spirit   +   u - +0 chain mail
rPois   .          Reflect  .   c - +0 hat
rElec   .          Harm     .   B - scarf {rC+ rF+}
rCorr   .          Rampage  .   (no gloves)
Will    .....                   l - +0 pair of boots
Stlth   ..........              p - amulet of guardian spirit
HPRegen 0.18/turn               (no ring)
MPRegen 0.10/turn               (no ring)

@: lethally poisoned (-11 -> -18), hasted, very quick
A: horns 2, retaliatory headbutt
a: Renounce Religion, Stomp


You were on level 4 of the Dungeon.
You worshipped Uskayaw.
Uskayaw was noncommittal.
You visited 1 branch of the dungeon, and saw 4 of its levels.

You collected 175 gold pieces.

Inventory:

Hand Weapons
 a - a +2 whip of electrocution (weapon)
 f - a +0 hunting sling
 q - a +0 vampiric whip
 s - a +0 war axe
 t - a +0 trident of distortion
 y - a +0 spear
 A - a +0 war axe
Missiles
 d - a throwing net (quivered)
 e - 179 stones
 h - 79 bolts
 j - 6 poisoned darts
 k - 47 arrows
 o - 9 boomerangs
Armour
 b - a +0 leather armour
 c - a +0 hat (worn)
 l - a +0 pair of boots (worn)
 u - a +0 chain mail (worn)
 B - a scarf of resistance (worn)
Jewellery
 p - an amulet of guardian spirit (around neck)
Wands
 r - a wand of flame (16)
Scrolls
 g - 3 scrolls of vulnerability
 i - a scroll of identify {@r1}
 m - a scroll of blinking
 v - a scroll of amnesia
 z - a scroll of fog {unknown}
 C - a scroll of brand weapon {unknown}
Potions
 n - a potion of haste
 w - a potion of brilliance {unknown}
 x - a potion of degeneration {unknown}


   Skills:
 - Level 2.4 Fighting
 - Level 10.3 Axes
 + Level 0.0(6.4) Maces & Flails
 - Level 2.0 Throwing
 - Level 3.2 Dodging


You had 6 spell levels left.
You didn't know any spells.
Your spell library was empty.

Dungeon Overview and Level Annotations

Branches:
Dungeon (4/15)
 Temple: D:4-7

Altars:
Okawaru
Uskayaw


Innate Abilities, Weirdness & Mutations

You have a pair of horns on your head.
You reflexively headbutt those who attack you in melee.


Message History

The hornet stings you but does no damage.
You whack the hornet!
The hornet is moderately wounded.
The hornet stings you!
You feel as though you will be slow longer.
Throw: 2 throwing nets
Press: ? - help, Shift-Dir - straight line, f - hornet
Aim: a hornet (moderately wounded, 44% to hit)
You throw a throwing net.
The throwing net barely misses the hornet.
The hornet closely misses you. The hornet stings you.
You feel as though you will be slow longer.
You don't have any such object.
Fire/throw which item? (* to show all) (? for menu, Esc to quit)
That's the wrong kind of item! (Use * to select it.) Fire/throw which item? (* to show all) (? for menu, Esc to quit)
Okay, then.
Okay, then.
Unknown command.
You miss the hornet.
The hornet is moderately wounded.
The hornet barely misses you. The hornet stings you!
You are poisoned.
You suddenly lose the ability to move!
You feel yourself speed up.
You feel very sick. The hornet stings you!
* * * LOW HITPOINT WARNING * * *
You feel yourself slow down.
The hornet stings you but does no damage.
You can move again.
Unknown command.
It was a potion of haste.
You feel yourself speed up.
You feel yourself speed up.
* * * LOW HITPOINT WARNING * * *
You feel very sick. The hornet barely misses you. You furiously retaliate!
You headbutt the hornet, but do no damage.
The hornet stings you!
You die...

≈§#.# #.# #.#.##
≈≈≈ §#.###.#
#.#... $..
...##.# #.#### ≈≈
#..##.# #.# ..
#..##.# #. #y
#..##.#####.# #)
#...........#
#.####.###.######
#(.y@..........#
######.#######.#
#.# #.#
#########.# #.#
#...y.....# #.#
#.######### #.#
#.# #.# #.# #.#
#.# #.######


You could see a hornet.

Vanquished Creatures
  Grinder (D:3)
  Sigmund (D:3)
  A scorpion (D:4)
  A gnoll shaman (D:4)
  An orc wizard (D:4)
  Robin (D:2)
  A howler monkey skeleton (D:4)
  3 adders
  7 gnolls
  A worm (D:3)
  6 orcs
  3 endoplasms
  6 giant cockroaches
  17 goblins
  12 hobgoblins
  11 kobolds
  3 quokkas
  8 ball pythons
  5 bats
  2 frilled lizards
  A rat (D:1)
92 creatures vanquished.

Vanquished Creatures (others)
  A goblin (D:2)
1 creature vanquished.

Grand Total: 93 creatures vanquished

Notes
Turn   | Place    | Note
-------+----------+-------------------------------------------
     0 | D:1      | dolemite99 the Minotaur Gladiator began the quest for the
                  | Orb.
     0 | D:1      | Reached XP level 1. HP: 18/18 MP: 0/0
    53 | D:1      | Reached skill level 4 in Axes
   363 | D:1      | Reached XP level 2. HP: 25/25 MP: 1/1
   616 | D:1      | Reached skill level 5 in Axes
   928 | D:2      | Reached XP level 3. HP: 30/30 MP: 2/2
  1696 | D:2      | Found a hide-covered altar of Uskayaw.
  1739 | D:2      | Became a worshipper of Uskayaw the Reveller
  1760 | D:2      | Reached * piety under Uskayaw
  1797 | D:2      | Reached ** piety under Uskayaw
  1798 | D:2      | Reached XP level 4. HP: 6/37 MP: 3/3
  1804 | D:2      | Reached skill level 6 in Axes
  2178 | D:2      | Noticed Robin
  2200 | D:2      | Killed Robin
  2606 | D:3      | Noticed Sigmund
  2619 | D:3      | Killed Sigmund
  2619 | D:3      | Reached *** piety under Uskayaw
  2620 | D:3      | Reached skill level 8 in Axes
  2620 | D:3      | Reached XP level 5. HP: 37/42 MP: 4/4
  2623 | D:3      | Reached **** piety under Uskayaw
  2765 | D:3      | Noticed Grinder
  2773 | D:3      | Paralysed by Grinder for 3 turns
  2802 | D:3      | Paralysed by Grinder for 4 turns
  2809 | D:3      | Killed Grinder
  2810 | D:3      | Reached skill level 9 in Axes
  2810 | D:3      | Reached XP level 6. HP: 10/50 MP: 5/5
  4046 | D:4      | Found an iron altar of Okawaru.
  4094 | D:4      | Reached XP level 7. HP: 40/56 MP: 4/6
  4811 | D:4      | Reached skill level 10 in Axes
  5167 | D:4      | Noticed a hornet
  5176 | D:4      | Paralysed by a hornet for 3 turns
  5389 | D:4      | Paralysed by a hornet for 2 turns
  5391 | D:4      | HP: 2/56 [poisoned by a hornet]
  5391 | D:4      | Mangled by a hornet

Illustrated notes

Levels and vault maps discovered:
D:1:      giann_horns, layout_loops_ring, st_stairs_2
D:2:      layout_rooms, basic_altar, uniq_robin
D:3:      layout_loops_corners, eino_curves_04, uniq_sigmund, uniq_grinder
D:4:      layout_loops_ring, mainiacjoe_overflow_cross_hatched,
          okawaru_metal_pillars_1_2

Skill      XL: |  1  2  3  4  5  6  7 |
---------------+----------------------+-----
Axes           | 4 5 8 9 10 | 10.3
Fighting       | |  2.4
Throwing       | |  2.0
Dodging        | |  3.2

Action                   |  1- 3 |  4- 6 |  7- 9 || total
-------------------------+-------+-------+-------++-------
Melee: War axe           |   115 |    83 |    33 ||   231
       Headbutt          |    11 |    15 |     6 ||    32
       Punch             |       |     1 |       ||     1
       Whip              |       |       |     3 ||     3
Throw: Throwing net      |       |     2 |     1 ||     3
  Use: Potion            |       |     4 |     3 ||     7
       Scroll            |       |       |     5 ||     5
 Stab: Sleeping          |     1 |       |       ||     1
       Invisible         |       |     2 |       ||     2
       Held in net/web   |       |     1 |       ||     1
       Paralysed         |       |     1 |     1 ||     2
Armor: Leather armour    |    34 |    11 |       ||    45
       Skin              |       |     3 |       ||     3
       Chain mail        |       |    13 |    23 ||    36
Dodge: Dodged            |   108 |    34 |    21 ||   163
